 Dungeon Crawl Stone Soup version 0.20-a0-983-g35de22d (webtiles) character file.

13092 MirrMurr the Spear-Bearer (level 11, -2/135 HPs)
             Began as a Demonspawn Berserker on Apr 10, 2017.
             Was a High Priest of Trog.
             Slain by a ten-headed hydra (5 damage)
             ... on level 11 of the Dungeon.
             The game lasted 00:25:06 (11435 turns).

MirrMurr the Spear-Bearer (Demonspawn Berserker)   Turns: 11435, Time: 00:25:07

Health: -2/135     AC: 15    Str: 25    XL:     11   Next: 71%
Magic:  20/20      EV: 10    Int:  9    God:    Trog [*****.]
Gold:   633        SH:  0    Dex: 13    Spells: 10/10 levels left

rFire    . . .     SeeInvis .   b - +8 glaive of the Tired Wonders {chop, MP+9}
rCold    + . .     Gourm    .   (shield currently unavailable)
rNeg     . . .     Faith    .   C - +2 plate armour
rPois    .         Spirit   .   (helmet restricted)
rElec    .         Reflect  .   (no cloak)
rCorr    .         Harm     .   (gloves unavailable)
MR       .....                  (no boots)
Stlth    ..........             (no amulet)
Regen    0.4/turn               G - ring of protection from cold
MPRegen  0.2/turn               o - ring of flight

@: berserking, very quick
A: antennae 2, claws 3, hooves 2, spiny 1
a: Berserk, Trog's Hand, Brothers in Arms, Burn Spellbooks, Renounce Religion,
Evoke Flight


You were on level 11 of the Dungeon.
You worshipped Trog.
Trog was extremely pleased with you.
You were hungry.

You visited 2 branches of the dungeon, and saw 12 of its levels.

You collected 633 gold pieces.

Inventory:

Hand Weapons
 a - a +1 trident
 b - the +8 glaive of the Tired Wonders (weapon) {chop, MP+9}
   (You acquired it on level 9 of the Dungeon)

   It inflicts extra damage upon your enemies.
   It affects your magic capacity (+9).
Missiles
 q - 2 throwing nets
 I - 6 steel javelins (quivered)
Armour
 C - a +2 plate armour (worn)
Jewellery
 o - a ring of flight (right claw)
 G - a ring of protection from cold (left claw)
Wands
 j - a wand of clouds (4/9)
 n - a wand of acid (12/15)
 p - a wand of iceblast (9/15)
 B - a wand of enslavement (2/24)
 D - a wand of digging (10/24)
 H - a wand of disintegration (14/24)
Scrolls
 f - a scroll of enchant weapon
 h - 3 scrolls of magic mapping
 i - 2 scrolls of identify
 l - 2 scrolls of recharging
 r - a scroll of remove curse
 y - 3 scrolls of teleportation
 E - a scroll of fog
Potions
 e - a potion of haste
 g - 2 potions of berserk rage
 k - a potion of agility
 m - 2 potions of lignification
 s - a potion of ambrosia
 t - 2 potions of mutation
 w - 2 potions of flight
 A - 3 potions of curing
Comestibles
 c - 11 bread rations
 d - 10 fruits
 u - 4 royal jellies
 F - 3 meat rations


   Skills:
 + Level 9.8 Fighting
 * Level 12.5 Polearms
 + Level 7.0 Armour
 - Level 5.7 Dodging


You had 10 spell levels left.
You didn't know any spells.

Dungeon Overview and Level Annotations

Branches:
Dungeon (11/15)            Temple (1/1) D:4            Lair (0/6) D:8
    Orc: D:9-12

Altars:
Cheibriados
Elyvilon
Gozag
Makhleb
Nemelex Xobeh
Qazlal
Trog
Yredelemnul

Shops:
D:4 [   D:10 }

Portals:
Trove: D:11 (give +2 ice dragon scales)


Innate Abilities, Weirdness & Mutations

You have a pair of antennae on your head.
You have claws for hands.
You have hoof-like feet.
You are partially covered in sharp spines.


Message History

The nine-headed hydra bites you but does no damage.
You completely miss the nine-headed hydra.
You kick the nine-headed hydra!
The nine-headed hydra is severely wounded.
You hack one of the nine-headed hydra's heads off!
The eight-headed hydra grows two more!
You hit the ten-headed hydra. You kick the ten-headed hydra!
The ten-headed hydra is severely wounded.
The ten-headed hydra is struck by your spines.
The ten-headed hydra barely misses you.
The ten-headed hydra bites you but does no damage.
The ten-headed hydra completely misses you.
The ten-headed hydra bites you!
* * * LOW HITPOINT WARNING * * *
The ten-headed hydra misses you.
The ten-headed hydra bites you but does no damage.
The ten-headed hydra bites you.
* * * LOW HITPOINT WARNING * * *
The ten-headed hydra bites you.
You die...

##'### #.## #..###
###+##### ##...#
#.......# #######.###
###.......#
#.........###.'.O%....#
#.........##..#./.....#
#.........##D##.......+
#.........##@##.......#
#............#######+##
#.........####
###########


You could see a ten-headed hydra.

Vanquished Creatures
  Harold (D:10)
  Erica (D:8)
  4 two-headed ogres
  Pikel (D:8)
  A centaur skeleton (D:10)
  A gargoyle (D:10)
  Psyche (D:9)
  2 trolls (D:9)
  2 hippogriffs
  Sigmund (D:3)
  A spriggan (D:7)
  11 yaks
  A wyvern (D:9)
  A wraith (D:10)
  A porcupine (D:8)
  An ice beast (D:10)
  A sky beast (D:5)
  7 orc warriors
  A black bear (D:8)
  5 ogres
  A necrophage (D:7)
  2 phantoms
  A crocodile (D:10)
  6 centaurs
  3 bullfrogs
  3 gnoll sergeants (D:9)
  2 scorpions
  4 wights (D:8)
  9 howler monkeys
  3 crimson imps
  A centaur zombie (D:6)
  5 orc priests
  2 gnoll shamans (D:9)
  6 hounds
  3 jellies
  6 iguanas
  Terence (D:3)
  17 orc wizards
  8 worker ants
  A hound zombie (D:5)
  2 hound skeletons
  Robin (D:4)
  10 gnolls
  9 adders
  3 shadow imps
  An adder skeleton (D:4)
  2 worms (D:3)
  3 dart slugs (D:1)
  5 leopard geckos
  37 orcs
  2 ball pythons
  20 hobgoblins
  2 jackals (D:2)
  A quokka (D:8)
  4 bats (D:3)
  4 frilled lizards
  17 goblins
  11 kobolds
  2 leopard gecko skeletons
  5 rats
270 creatures vanquished.

Vanquished Creatures (others)
  An ogre (D:8)
  A fungus (D:8)
2 creatures vanquished.

Grand Total: 272 creatures vanquished

Notes
Turn   | Place    | Note
-------+----------+-------------------------------------------
     0 | D:1      | MirrMurr the Demonspawn Berserker began the quest for the Orb.
     0 | D:1      | Reached XP level 1. HP: 18/18 MP: 1/1
   363 | D:1      | Reached skill level 3 in Polearms
   367 | D:1      | Gained mutation: You have large cloven feet. [demonic ancestry]
   367 | D:1      | Reached XP level 2. HP: 18/24 MP: 2/2
  1248 | D:2      | Reached XP level 3. HP: 29/29 MP: 3/3
  1254 | D:2      | Found a white marble altar of Elyvilon.
  1389 | D:2      | Gained mutation: You have a pair of small antennae on your head. [demonic ancestry]
  1389 | D:2      | Reached XP level 4. HP: 35/35 MP: 4/4
  1486 | D:2      | Reached skill level 4 in Polearms
  1640 | D:2      | You fall through a shaft for 2 floors!
  1651 | D:4      | Reached ** piety under Trog
  1659 | D:4      | Noticed an ogre
  1669 | D:4      | Killed an ogre
  1669 | D:4      | Gained mutation: You have hoof-like feet. [demonic ancestry]
  1669 | D:4      | Reached XP level 5. HP: 42/42 MP: 5/5
  1777 | D:4      | Noticed Robin
  1806 | D:3      | Gained mutation: You are partially covered in sharp spines. [demonic ancestry]
  1806 | D:3      | Reached XP level 6. HP: 35/48 MP: 6/6
  1832 | D:3      | Reached skill level 5 in Polearms
  1853 | D:3      | Noticed Terence
  1860 | D:3      | Killed Terence
  2642 | D:3      | Reached *** piety under Trog
  2925 | D:3      | Found a sparkling altar of Nemelex Xobeh.
  3042 | D:3      | Noticed Sigmund
  3054 | D:3      | Killed Sigmund
  3054 | D:3      | Gained mutation: You have sharp fingernails. [demonic ancestry]
  3054 | D:3      | Reached XP level 7. HP: 55/55 MP: 7/7
  3279 | D:4      | Found a staircase to the Ecumenical Temple.
  3314 | D:4      | Killed Robin
  3502 | D:4      | Reached skill level 6 in Polearms
  3545 | D:4      | Found Laynacos's Armour Shoppe.
  3610 | Temple   | Entered the Ecumenical Temple
  3649 | D:5      | Entered Level 5 of the Dungeon
  3776 | D:5      | Found an opulent altar of Gozag.
  3954 | D:5      | Reached skill level 5 in Fighting
  3968 | D:5      | Reached **** piety under Trog
  4133 | D:5      | Found a burning altar of Makhleb.
  4775 | D:6      | Gained mutation: You have very sharp fingernails. [demonic ancestry]
  4775 | D:6      | Reached XP level 8. HP: 62/62 MP: 8/8
  4981 | D:7      | Reached skill level 7 in Polearms
  5000 | D:7      | Reached skill level 5 in Dodging
  5156 | D:7      | Found a basalt altar of Yredelemnul.
  5610 | D:7      | Reached skill level 8 in Polearms
  5615 | D:7      | Found a bloodstained altar of Trog.
  6131 | D:7      | Reached XP level 9. HP: 35/71 MP: 9/9
  6520 | D:8      | Noticed Pikel
  6554 | D:8      | Killed Pikel
  6570 | D:8      | Reached skill level 9 in Polearms
  6622 | D:8      | Found a staircase to the Lair.
  6678 | D:8      | Found a stormy altar of Qazlal.
  6938 | D:8      | Found a snail-covered altar of Cheibriados.
  6947 | D:8      | Reached ***** piety under Trog
  6954 | D:8      | Noticed Erica
  6961 | D:8      | Killed Erica
  6961 | D:8      | Gained mutation: You have a pair of antennae on your head. [demonic ancestry]
  6961 | D:8      | Reached XP level 10. HP: 69/80 MP: 10/10
  7101 | D:9      | Reached skill level 10 in Polearms
  7899 | D:9      | Noticed a two-headed ogre
  7911 | D:9      | Killed a two-headed ogre
  7969 | D:9      | Reached skill level 5 in Armour
  8421 | D:9      | Noticed a two-headed ogre
  8428 | D:9      | Killed a two-headed ogre
  8428 | D:9      | Reached skill level 11 in Polearms
  8817 | D:9      | Identified a scroll of acquirement
  8818 | D:9      | Got a brightly glowing glaive
  8819 | D:9      | Identified the +8 glaive of the Tired Wonders {chop, MP+9} (You acquired it on level 9 of the Dungeon)
  8826 | D:9      | Noticed Psyche
  8839 | D:9      | Killed Psyche
  8907 | D:9      | Gained mutation: You have claws for hands. [demonic ancestry]
  8907 | D:9      | Reached XP level 11. HP: 84/87 MP: 11/11
  9879 | D:9      | Got an ancient scale mail
  9881 | D:9      | Identified the cursed +0 scale mail of the Gardener {Str+2 Stlth+} (You found it on level 9 of the Dungeon)
  9911 | D:10     | Entered Level 10 of the Dungeon
  9978 | D:10     | Found Owyiw's Quality Used Wands.
 10292 | D:10     | Noticed a two-headed ogre
 10296 | D:10     | Killed a two-headed ogre
 10357 | D:10     | Reached skill level 12 in Polearms
 10381 | D:10     | Noticed Harold
 10401 | D:10     | Killed Harold
 10776 | D:10     | Found a snail-covered altar of Cheibriados.
 11341 | D:11     | Found a portal to a secret trove of treasure.
 11417 | D:11     | Noticed a six-headed hydra
 11418 | D:11     | Noticed a two-headed ogre
 11432 | D:11     | Killed a two-headed ogre
 11435 | D:11     | HP: 4/135 [ten-headed hydra (10)]
 11435 | D:11     | Slain by a ten-headed hydra

Vault maps used:
D:1:      lightli_arrival_maybe_door_vault, corexii_item_surrounded_by_moat,
          dk_noncrumbling_3, minmay_misc_feat_alley
D:2:      nicolae_overflow_crystal_walls, first_bread
D:3:      nemelex_xobeh_ov_fountains_minmay, uniq_sigmund, uniq_terence
D:4:      temple_doors_cd, serial_shops, kennysheep_mini_moat, minmay_distorted,
          uniq_robin
D:5:      lemuel_coloured_pillars_altar, nicolae_gozag_seed_capital
D:6:      minmay_misc_feat_tower
D:7:      old_standard_altar, overflow_temple_1_default,
          roderic_serpentine_path, the_bakery, hangedman_abyss_or_decor_stagger
D:8:      lemuel_crystal_altar, grunt_lair_entry_orc_guard_hut, basic_altar,
          uniq_erica, uniq_pikel
D:9:      kennysheep_housing_project, uniq_psyche
D:10:     basic_altar, nicolae_for_you_no_charge, uniq_harold
D:11:     enter_trove_1
Temple:   nicolae_temple_elliptical

Skill      XL: |  1  2  3  4  5  6  7  8  9 10 11 |
---------------+----------------------------------+-----
Polearms       | 3 4 5 6 8 9 11 12 | 12.5
Dodging        | 2 3 4 5 |  5.7
Fighting       | 4 5 6 7 8 9 |  9.8
Armour         | 4 5 7 |  7.0

Action                   |  1- 3 |  4- 6 |  7- 9 | 10-12 || total
-------------------------+-------+-------+-------+-------++-------
Melee: Spear             |    93 |   132 |       |       ||   225
       Kick              |    13 |    45 |    74 |    84 ||   216
       Trident           |       |    74 |   277 |       ||   351
       Halberd           |       |       |    31 |   119 ||   150
       Glaive            |       |       |       |   181 ||   181
Invok: Berserk           |     1 |     3 |     3 |     5 ||    12
       Burn Spellbooks   |       |       |     2 |     1 ||     3
       Trog's Hand       |       |       |     2 |     3 ||     5
       Brothers in Arms  |       |       |       |     1 ||     1
  Use: Scroll            |       |     6 |    18 |     8 ||    32
       Potion            |       |       |       |     3 ||     3
  Eat: Chunk             |     1 |    10 |    15 |    21 ||    47
Armor: Animal skin       |     3 |       |       |       ||     3
       Chain mail        |    23 |    87 |   119 |    46 ||   275
       Plate armour      |       |       |       |    74 ||    74
Dodge: Dodged            |    33 |    49 |    79 |    91 ||   252
